 Dungeon Crawl Stone Soup version 0.31-a0-455-g1a7b003ef0 (webtiles) character file.

Game seed: 10484402410976858494

681 Ofeo the Changeling (level 7, -1/54 HPs)
             Began as a Demonspawn Shapeshifter on Aug 4, 2023.
             Slain by an orc
             ... wielding a +0 hand axe of flaming
              (3 damage)
             ... on level 5 of the Dungeon.
             The game lasted 00:10:02 (7002 turns).

Ofeo the Changeling (Demonspawn Shapeshifter)       Turns: 7002, Time: 00:10:02

Health: -1/54      AC:  2    Str: 15    XL:     7   Next: 34%
Magic:  7/7        EV: 13    Int: 10    God:
Gold:   45         SH:  0    Dex: 15    Spells: 6/6 levels left

rFire   . .          .
                       - Unarmed
rCold   . . .        (no shield)
rNeg    . . .        a - +0 animal skin
rPois   .            (helmet currently unavailable)
rElec   .            (cloak currently unavailable)
rCorr   .            (gloves currently unavailable)
SInv    .            (boots currently unavailable)
Will    .....        (no amulet)
Stlth   +            (no ring)
HPRegen 0.29/turn    (no ring)
MPRegen 0.10/turn

%: no passive effects
@: beast-form
A: beast (slay +2), sturdy frame 2, weakness stinger 2
a: Begin Untransformation


You were on level 5 of the Dungeon.
You were a hulking beast.
You visited 1 branch of the dungeon, and saw 5 of its levels.

You collected 222 gold pieces.
You spent 177 gold pieces at shops.

Inventory:

Missiles
 b - a throwing net
 n - 2 silver javelins
 o - 3 darts of dispersal
 p - 3 poisoned darts (quivered)
Armour
 a - a +0 animal skin (worn)
Jewellery
 k - a ring of see invisible
Talismans
 c - a beast talisman (active)
 d - a granite talisman
Scrolls
 e - a scroll of vulnerability {unknown}
 f - a scroll of teleportation {@r3}
 g - a scroll of blinking {@r4}
Potions
 h - a potion of heal wounds {@q2}
 j - a potion of ambrosia
 l - a potion of enlightenment
 m - a potion of mutation
 q - a potion of curing {@q1}
 r - a potion of cancellation


   Skills:
 + Level 4.1 Fighting
 + Level 2.9 Throwing
 + Level 4.0 Dodging
 - Level 2.8 Unarmed Combat
 + Level 4.1 Shapeshifting


You had 6 spell levels left.
You didn't know any spells.
Your spell library contained the following spells:

 Spells                   Type           Power      Damage    Failure   Level
 Magic Dart               Conj           0%         1d3       36%         1
 Sting                    Tmut/Pois      0%         1d3       36%         1
 Blink                    Tloc           0%         N/A       50%         2
 Call Imp                 Summ           0%         N/A       50%         2
 Ensorcelled Hibernation  Hex/Ice        0%         N/A       50%         2
 Lesser Beckoning         Tloc           0%         N/A       50%         2
 Momentum Strike          Conj/Tloc      0%         3d8       50%         2
 Passwall                 Tmut/Erth      0%         N/A       50%         2
 Poisonous Vapours        Pois/Air       0%         N/A       50%         2
 Mephitic Cloud           Conj/Pois/Air  0%         N/A       75%         3
 Swiftness                Air            0%         N/A       75%         3
 Olgreb's Toxic Radiance  Pois           0%         N/A       98%         4


Dungeon Overview and Level Annotations

Branches:
Dungeon (5/15)
 Temple: D:4-7

Altars:
Sif Muna

Shops:
D:4 [!*:

Annotations:
D:3 2 transporters, Silwen1911's ghost, amateur MeRe


Innate Abilities, Weirdness & Mutations

You are a hulking beast.
Your limbs bulge with bestial killing power. (Slay +2)
Your movements are less encumbered by armour. (ER -4)
You have a tail ending in a sharp stinger.


Message History

You kill the adder!
You closely miss the orc. The orc hits you with a +0 whip.
You take 2 damage, and have 22/54 hp.
You closely miss the orc. You tail-slap the orc.
The orc is heavily wounded.
The orc hits you but does no damage. x2
The orc attacks as you move away! The orc hits you with a +0 whip.
The orc misses you.
You take 4 damage, and have 19/54 hp.
The orc hits you but does no damage. The orc attacks as you move away!
The orc closely misses you. The orc attacks as you move away!
The orc hits you with a +0 short sword.
* * * LOW HITPOINT WARNING * * *
You take 3 damage, and have 16/54 hp.
You hit the orc.
You kill the orc!
The orc throws a stone.
The stone barely misses you.
The orc hits you with a +0 hand axe of flaming.
* * * LOW HITPOINT WARNING * * *
The orc burns you.
* * * LOW HITPOINT WARNING * * *
Things that are here:
a +0 whip; 3 gold pieces You take 4 damage, and have 13/54 hp.
You closely miss the orc.
The orc hits you with a +0 hand axe of flaming.
* * * LOW HITPOINT WARNING * * *
The orc burns you.
* * * LOW HITPOINT WARNING * * *
You take 6 damage, and have 7/54 hp.
You hit the orc. You tail-slap the orc.
You kill the orc!
The orc hits you but does no damage. The orc closely misses you.
You hit the orc.
Your tail-slap misses the orc.
You punch the orc, but do no damage.
The orc is severely wounded.
The orc hits you with a +0 hand axe of flaming.
* * * LOW HITPOINT WARNING * * *
The orc burns you.
You die...

####.#### # #.### ..
#...# .. ###.#
...##############.#
...#...........##.#
#$........####.##.#
#....###..####.##รท#
............).ooh.#
#....###..####.####
....!..........#
..#.......######
###########


You could see 2 orcs.

Vanquished Creatures
  An ice beast (D:5)
  2 phantoms
  A bullfrog (D:4)
  A scorpion (D:4)
  A hound (D:5)
  A jelly (D:5)
  An iguana (D:3)
  An orc wizard (D:4)
  7 gnolls
  4 adders
  A white imp (D:3)
  An ufetubus (D:4)
  10 orcs
  9 ball pythons
  10 endoplasms
  3 giant cockroaches
  6 goblins
  7 hobgoblins
  4 jackals (D:4)
  4 kobolds
  6 quokkas
  3 bats
  2 goblin skeletons (D:3)
  3 goblin zombies (D:3)
  A hobgoblin zombie (D:3)
  3 kobold zombies (D:3)
  An orc zombie (D:3)
  5 rats
99 creatures vanquished.

Notes
Turn   | Place    | Note
-------+----------+-------------------------------------------
     0 | D:1      | Ofeo the Demonspawn Shapeshifter began the quest for the
                  | Orb.
     0 | D:1      | Reached XP level 1. HP: 15/15 MP: 1/1
   413 | D:1      | Gained mutation: Your movements are slightly less
                  | encumbered by armour. (ER -2) [demonic ancestry]
   413 | D:1      | Reached XP level 2. HP: 21/21 MP: 2/2
  1318 | D:2      | Reached XP level 3. HP: 15/27 MP: 3/3
  2429 | D:2      | Gained mutation: You have a small tail. [demonic ancestry]
  2429 | D:2      | Reached XP level 4. HP: 17/34 MP: 4/4
  2828 | D:2      | Found a shimmering blue altar of Sif Muna.
  3289 | D:3      | Found a transporter.
  3407 | D:3      | Noticed Silwen1911's ghost (amateur MeRe)
  3421 | D:3      | Found a transporter.
  3921 | D:3      | Gained mutation: Your movements are less encumbered by
                  | armour. (ER -4) [demonic ancestry]
  3921 | D:3      | Reached XP level 5. HP: 39/39 MP: 5/5
  4324 | D:4      | Noticed a phantom
  4751 | D:4      | Reached skill level 1 in Throwing
  4871 | D:4      | Found Maqic's Self-Published Books.
  5316 | D:4      | Found Eggoso's Antique Armour Shoppe.
  5331 | D:4      | Found Dasmutt's Assorted Antiques.
  5333 | D:4      | Found Qoun's Distillery.
  5341 | D:4      | Bought a scroll labelled DAESHO RITO for 21 gold pieces
  5356 | D:4      | Reached XP level 6. HP: 13/47 MP: 6/6
  5363 | D:4      | HP: 2/47 [poisoned by a scorpion]
  5927 | D:4      | Bought a potion of heal wounds for 60 gold pieces
  5927 | D:4      | Bought a potion of curing for 36 gold pieces
  5927 | D:4      | Bought a potion of enlightenment for 60 gold pieces
  6634 | D:5      | Entered Level 5 of the Dungeon
  6657 | D:5      | Gained mutation: You have a tail ending in a sharp stinger.
                  | [demonic ancestry]
  6657 | D:5      | Reached XP level 7. HP: 53/53 MP: 7/7
  7002 | D:5      | HP: 2/54 [orc/+0 hand axe of flaming (6)]
  7002 | D:5      | Slain by an orc

Illustrated notes

Levels and vault maps discovered:
D:1:      eino_arrival_tree_alley, layout_basic, serial_curves, eino_curves_04,
          eino_curves_04, eino_curves_01, eino_curves_03
D:2:      layout_basic, basic_altar, minivault_4, corexii_corridor_pit
D:3:      layout_basic, nicolae_tso_besieged_by_evil, serial_glass,
          glass_columns_a, glass_columns_c, gammafunk_ghost_stat_death,
          nicolae_houndstooth_variations
D:4:      layout_basic, nicolae_custom_books, nicolae_wooded_promenade
D:5:      layout_loops_cross, minmay_temple_entry_hall

Skill      XL: |  1  2  3  4  5  6  7 |
---------------+----------------------+-----
Dodging        | 2 3 4 |  4.0
Shapeshifting  | 3 4 |  4.1
Fighting       | 2 3 4 |  4.1
Throwing       | 1 2 |  2.9
Unarmed Combat | |  2.8

Action                     |  1- 3 |  4- 6 |  7- 9 || total
---------------------------+-------+-------+-------++-------
  Melee: Unarmed           |    88 |   210 |    33 ||   331
         Tailslap          |       |    32 |     6 ||    38
         Punch             |       |     2 |     2 ||     4
  Throw: Javelin           |     2 |     2 |       ||     4
         Stone             |    13 |    23 |       ||    36
         Dart              |       |     3 |       ||     3
  Evoke: Wand              |       |     6 |       ||     6
    Use: Potion            |       |     2 |       ||     2
         Scroll            |       |    11 |       ||    11
   Stab: Sleeping          |       |     2 |       ||     2
 Armour: Animal skin       |    11 |    33 |     6 ||    50
         Skin              |       |     5 |       ||     5
  Dodge: Dodged            |    48 |    98 |    24 ||   170

Table legend: (Time is in decaauts)
 A = Elapsed time spent in this place.
 B = Non-inter-level travel time spent in this place.
 C = Inter-level travel time spent in this place.
 D = Time resting spent in this place.
 E = Time spent auto-exploring this place.
 F = Levels seen in this place.
 G = Mean time per level.
                   A        B        C        D        E       F      G
               +--------+--------+--------+--------+--------+-----+--------+
         Total |   6978 |   6565 |    413 |   1978 |   3584 |   5 | 1395.6 |
       Dungeon |   6978 |   6565 |    413 |   1978 |   3584 |   5 | 1395.6 |
               +--------+--------+--------+--------+--------+-----+--------+

Top non-repeatable levels by time:
     D:1: 1842 daAuts
     D:3: 1809 daAuts
     D:4: 1768 daAuts
     D:2: 1192 daAuts
     D:5: 365 daAuts
